 Dungeon Crawl Stone Soup version 0.31-a0-152-g6aa68a64a1 (webtiles) character file.

Game seed: 8880612938292074373

189 olmar the Slicer (level 5, -11/41 HPs)
             Began as a Gnoll Wanderer on June 10, 2023.
             Killed from afar by an orc wizard (15 damage)
             ... with a puff of flame
             ... on level 3 of the Dungeon.
             The game lasted 00:02:55 (1522 turns).

olmar the Slicer (Gnoll Wanderer)                   Turns: 1522, Time: 00:02:55

Health: -11/41     AC:  4    Str: 12    XL:     5   Next: 68%
Magic:  7/7        EV: 12    Int: 13    God:
Gold:   111        SH:  0    Dex: 11    Spells: 4/7 levels left

rFire   x . .        s - +10 dagger of the Glowing Bear {flame, rElec rF- Will+ rCorr}
rCold   . . .        (no shield)
rNeg    . . .        e - +0 leather armour
rPois   .            (no helmet)
rElec   +            (no cloak)
rCorr   +            c - +0 pair of gloves
SInv    .            (no boots)
Will    +....        (no amulet)
Stlth   +            (no ring)
HPRegen 0.26/turn    (no ring)
MPRegen 0.10/turn

%: no passive effects
@: lethally poisoned (-11 -> -13)
A: fangs 1, strong nose, distributed training
a: no special abilities


You were on level 3 of the Dungeon.
You visited 1 branch of the dungeon, and saw 3 of its levels.

You collected 111 gold pieces.

Inventory:

Hand Weapons
 a - a +2 short sword
 b - a +0 hand axe
 s - the +10 dagger of the Glowing Bear (weapon) {flame, rElec rF- Will+ rCorr}
   (You found it on level 2 of the Dungeon)

   rF:        It makes you vulnerable to fire.
   rElec:     It insulates you from electricity.
   rCorr:     It protects you from acid and corrosion.
   Will:      It increases your willpower.
Armour
 c - a +0 pair of gloves (worn)
 e - a +0 leather armour (worn)
 p - a +0 plate armour of cold resistance
Scrolls
 h - a scroll of magic mapping {unknown}
 i - a scroll of poison {unknown}
 m - 2 scrolls of summoning
 u - a scroll of blinking {unknown}
 v - a scroll of amnesia {unknown}
Potions
 d - a potion of heal wounds
 f - a potion of mutation
 j - a potion of attraction {unknown}
 k - a potion of berserk rage {unknown}
 l - a potion of degeneration {unknown}
 n - a potion of might {unknown}
 o - a potion of curing {unknown}
 r - a potion of cancellation {unknown}
 t - a potion of invisibility


   Skills:
 + Level 3.1 Fighting
 + Level 10.5 Short Blades
 + Level 1.6 Long Blades
 + Level 3.1 Axes
 + Level 1.6 Maces & Flails
 + Level 1.6 Polearms
 + Level 1.6 Staves
 + Level 1.6 Ranged Weapons
 + Level 1.6 Throwing
 + Level 4.8 Armour
 + Level 3.1 Dodging
 + Level 1.6 Stealth
 + Level 1.6 Shields
 + Level 1.6 Unarmed Combat
 + Level 1.6 Spellcasting
 + Level 1.3 Conjurations
 + Level 1.3 Hexes
 + Level 1.3 Summonings
 + Level 1.3 Necromancy
 + Level 1.3 Translocations
 + Level 1.3 Transmutations
 + Level 1.3 Fire Magic
 + Level 1.3 Ice Magic
 + Level 1.3 Air Magic
 + Level 1.3 Earth Magic
 + Level 1.3 Poison Magic
 + Level 1.9 Invocations
 + Level 1.6 Evocations


You had 4 spell levels left.
You knew the following spells:

 Your Spells              Type           Power      Damage    Failure   Level
a - Confusing Touch       Hex            4%         N/A       50%         3

Your spell library contained the following spells:

 Spells                   Type           Power      Damage    Failure   Level
 Kiss of Death            Conj/Necr      16%        2d6       19%         1
 Sandblast                Erth           8%         2d5       19%         1
 Passwall                 Tmut/Erth      3%         N/A       28%         2
 Gell's Gravitas          Tloc           4%         N/A       50%         3
 Stone Arrow              Conj/Erth      8%         3d7       50%         3
 Teleport Other           Tloc           4%         N/A       50%         3
 Dispel Undead            Necr           4%         3d7       88%         4
 Alistair's Intoxication  Tmut/Pois      2%         N/A       99%         5
 Borgnjor's Vile Clutch   Necr/Erth      2%         N/A       99%         5
 Dispersal                Tloc           2%         N/A       100%        6
 Eringya's Noxious Bog    Tmut/Pois      2%         N/A       100%        6


Dungeon Overview and Level Annotations

Branches:
Dungeon (3/15)

Altars:
Xom

Annotations:
D:3 2 runed translucent doors


Innate Abilities, Weirdness & Mutations

You have very sharp teeth.
Your uncanny sense of smell can sniff out nearby items.
Your experience applies equally to all skills.


Message History

Casting: Confusing Touch (quite dangerous; 52% risk of failure)
Confirm with . or Enter, or press ? or * to list all spells.
Okay, then.
You puncture the adder! You burn the adder.
You kill the adder!
You feel sick.
Unknown command.
You closely miss the orc. Something hits you.
The orc hits you but does no damage.
You are more poisoned.
The orc barely misses you.
Unknown command.
You puncture the orc! You burn the orc.
You kill the orc!
You feel sick.
Unknown command.
You puncture the orc! You burn the orc.
You kill the orc!
You feel sick. Something hits you.
Unknown command.
You closely miss something. You punch something. Your bite misses something.
You feel sick.
Unknown command.
You hit something. You burn something.
You feel sick. Something hits you.
Unknown command.
You hit something. You burn something.
Unknown command.
You miss something. You punch something.
You feel sick.
A rat comes into view.
You hear some strange, mumbled words.
A magic dart appears from out of thin air!
The magic dart hits you!
* * * LOW HITPOINT WARNING * * *
You closely miss something.
Unknown command.
You barely miss something.
You feel sick.
You hear some strange, mumbled words.
A puff of flame appears from out of thin air!
The puff of flame hits you! The fire burns you terribly!
You die...

##.#.# [.# ... #...## #
##..### ###..## #......
#...# ....... #...#
.......#####...##### #.
.##....#.<.........##...
........................
......)@.).........##.#.
.r....){)#.).....###
..)...######...###
###... #>.##..)# #..
#...#..)# ###
#..#...#..# ###.....#
#...).........
.........⌠.)....


You could see a rat.

Vanquished Creatures
  2 orc priests
  An orc wizard (D:3)
  4 adders
  A gnoll (D:1)
  A worm (D:2)
  A dart slug (D:1)
  6 orcs (D:3)
  6 ball pythons
  3 bats
  4 endoplasms
  3 giant cockroaches (D:2)
  3 goblins
  2 hobgoblins
  2 jackals (D:2)
  5 kobolds
  2 quokkas (D:1)
  4 frilled lizards (D:1)
  4 rats
54 creatures vanquished.

Notes
Turn   | Place    | Note
-------+----------+-------------------------------------------
     0 | D:1      | Reached skill level 10 in Short Blades
     0 | D:1      | olmar the Gnoll Wanderer began the quest for the Orb.
     0 | D:1      | olmar set off with the following items: a +2 short sword, a
                  | +0 hand axe, a +0 pair of gloves, a potion of heal wounds,
                  | a +0 leather armour.
     0 | D:1      | Reached XP level 1. HP: 17/17 MP: 1/1
   254 | D:1      | Reached XP level 2. HP: 23/23 MP: 2/2
   402 | D:1      | Found a faded altar of an unknown god.
   524 | D:1      | Reached XP level 3. HP: 26/28 MP: 3/3
   789 | D:2      | Reached skill level 1 in Invocations
   801 | D:2      | Learned a level 3 spell: Confusing Touch
   956 | D:2      | Reached skill level 1 in Long Blades
   956 | D:2      | Reached skill level 1 in Maces & Flails
   956 | D:2      | Reached skill level 1 in Polearms
   956 | D:2      | Reached skill level 1 in Staves
   956 | D:2      | Reached skill level 1 in Ranged Weapons
   956 | D:2      | Reached skill level 1 in Throwing
   956 | D:2      | Reached skill level 1 in Stealth
   956 | D:2      | Reached skill level 1 in Shields
   956 | D:2      | Reached skill level 1 in Unarmed Combat
   956 | D:2      | Reached skill level 1 in Spellcasting
   956 | D:2      | Reached skill level 1 in Evocations
  1050 | D:2      | Reached XP level 4. HP: 19/34 MP: 5/5
  1153 | D:2      | Identified the +10 dagger of the Glowing Bear {flame, rElec
                  | rF- Will+ rCorr}
  1329 | D:2      | Reached skill level 1 in Conjurations
  1329 | D:2      | Reached skill level 1 in Hexes
  1329 | D:2      | Reached skill level 1 in Summonings
  1329 | D:2      | Reached skill level 1 in Necromancy
  1329 | D:2      | Reached skill level 1 in Translocations
  1329 | D:2      | Reached skill level 1 in Transmutations
  1329 | D:2      | Reached skill level 1 in Fire Magic
  1329 | D:2      | Reached skill level 1 in Ice Magic
  1329 | D:2      | Reached skill level 1 in Air Magic
  1329 | D:2      | Reached skill level 1 in Earth Magic
  1329 | D:2      | Reached skill level 1 in Poison Magic
  1422 | D:3      | Found a large runed translucent door.
  1441 | D:3      | Found a large runed translucent door.
  1457 | D:3      | Found a shimmering altar of Xom.
  1480 | D:3      | Reached XP level 5. HP: 40/41 MP: 7/7
  1522 | D:3      | Killed from afar by an orc wizard

Illustrated notes

Levels and vault maps discovered:
D:1:      tarquinn_simple_flora_water_c, layout_rooms,
          shapermc_ecumenical_altar_ellora, st_stairs_3,
          minmay_misc_feat_nine_boxes, columned_hall_lemuel
D:2:      layout_rooms
D:3:      due_chaos_kobolds, layout_loops_cross, grunt_ministairs_6,
          nicolae_half_adder, uniq_ijyb

Skill      XL: |  1  2  3  4 |
---------------+-------------+-----
Short Blades   | | 10.5
Invocations    | 1 |  1.9
Long Blades    | 1 |  1.6
Maces & Flails | 1 |  1.6
Polearms       | 1 |  1.6
Staves         | 1 |  1.6
Ranged Weapons | 1 |  1.6
Throwing       | 1 |  1.6
Stealth        | 1 |  1.6
Shields        | 1 |  1.6
Unarmed Combat | 1 |  1.6
Spellcasting   | 1 |  1.6
Evocations     | 1 |  1.6
Conjurations   | 1 |  1.3
Hexes          | 1 |  1.3
Summonings     | 1 |  1.3
Necromancy     | 1 |  1.3
Translocations | 1 |  1.3
Transmutations | 1 |  1.3
Fire Magic     | 1 |  1.3
Ice Magic      | 1 |  1.3
Air Magic      | 1 |  1.3
Earth Magic    | 1 |  1.3
Poison Magic   | 1 |  1.3
Fighting       | 3 |  3.1
Axes           | 3 |  3.1
Dodging        | 3 |  3.1
Armour         | |  4.8

Action                     |  1- 3 |  4- 6 || total
---------------------------+-------+-------++-------
  Melee: Short sword       |   125 |     5 ||   130
         Bite              |     6 |     2 ||     8
         Dagger            |       |    46 ||    46
         Punch             |       |     3 ||     3
    Use: Scroll            |     1 |     3 ||     4
   Stab: Sleeping          |       |     1 ||     1
 Armour: Leather armour    |    25 |     6 ||    31
  Dodge: Dodged            |    37 |    22 ||    59

Table legend: (Time is in decaauts)
 A = Elapsed time spent in this place.
 B = Non-inter-level travel time spent in this place.
 C = Inter-level travel time spent in this place.
 D = Time resting spent in this place.
 E = Time spent auto-exploring this place.
 F = Levels seen in this place.
 G = Mean time per level.
                   A        B        C        D        E       F      G
               +--------+--------+--------+--------+--------+-----+--------+
         Total |   1433 |   1394 |     39 |     11 |   1097 |   3 |  477.7 |
       Dungeon |   1433 |   1394 |     39 |     11 |   1097 |   3 |  477.7 |
               +--------+--------+--------+--------+--------+-----+--------+

Top non-repeatable levels by time:
     D:2: 640 daAuts
     D:1: 633 daAuts
     D:3: 159 daAuts
